 Dungeon Crawl Stone Soup version 0.30-a0-778-g2ef04afb54 (webtiles) character file.

Game seed: 11714190234085506156

171 sircluck the Chopper (level 5, -4/47 HPs)
             Began as a Hill Orc Fighter on Feb 16, 2023.
             Was an Initiate of Beogh.
             Slain by an ogre
             ... wielding a +0 giant club
              (29 damage)
             ... on level 4 of the Dungeon.
             The game lasted 00:03:48 (2787 turns).

sircluck the Chopper (Hill Orc Fighter)             Turns: 2787, Time: 00:03:49

Health: -4/47      AC:  7    Str: 21    XL:     5   Next: 51%
Magic:  5/5        EV:  9    Int:  8    God:    Beogh [......]
Gold:   271        SH:  4    Dex: 10    Spells: 4/4 levels left

rFire   . . .      SeeInvis .    a - +0 war axe
rCold   . . .      Faith    .    c - +0 buckler
rNeg    . . .      Spirit   .    b - +0 scale mail
rPois   .          Reflect  .    (no helmet)
rElec   .          Harm     .    (no cloak)
rCorr   .          Rampage  .    (no gloves)
Will    .....                    (no boots) Stlth
                                 (no amulet)
HPRegen 0.27/turn                (no ring)
MPRegen 0.09/turn                (no ring)

@: no status effects
A: no striking features
a: Renounce Religion


You were on level 4 of the Dungeon.
You worshipped Beogh.
Beogh was noncommittal.
You visited 1 branch of the dungeon, and saw 4 of its levels.

You collected 271 gold pieces.

Inventory:

Hand Weapons
 a - a +0 war axe (weapon)
 u - a +0 hammer
 v - a +3 quarterstaff of chaos
 D - a +0 sling
Missiles
 e - 45 stones (quivered)
 i - 6 poisoned darts
Armour
 b - a +0 scale mail (worn)
 c - a +0 buckler (worn)
 n - a +0 pair of boots
 t - a +0 cloak
 E - a +0 pair of gloves
Jewellery
 f - a ring of flight
Wands
 y - a wand of iceblast (7)
Scrolls
 h - 4 scrolls of noise {unknown}
 l - 5 scrolls of identify {unknown}
 m - a scroll of enchant armour {unknown}
 o - a scroll of immolation {unknown}
 p - a scroll of magic mapping {unknown}
 q - 2 scrolls of amnesia {unknown}
 s - a scroll of torment {unknown}
 x - a scroll of silence {unknown}
 C - a scroll of teleportation {unknown}
Potions
 d - 3 potions of might
 g - a potion of brilliance {unknown}
 j - a potion of flight {unknown}
 k - 2 potions of curing {unknown}
 r - a potion of ambrosia {unknown}
 w - a potion of invisibility {unknown}
 z - a potion of mutation {unknown}
 A - a potion of cancellation {unknown}
 B - a potion of haste {unknown}


   Skills:
 + Level 4.6 Fighting
 + Level 5.2 Axes
 + Level 4.2 Armour
 + Level 0.5 Dodging
 + Level 0.1 Stealth
 + Level 3.6 Shields


You had 4 spell levels left.
You didn't know any spells.
Your spell library contained the following spells:

 Spells                   Type           Power      Damage    Failure   Level
 Summon Small Mammal      Summ           0%         N/A       83%         1
 Call Canine Familiar     Summ           0%         N/A       99%         3
 Summon Guardian Golem    Hex/Summ       0%         N/A       99%         3


Dungeon Overview and Level Annotations

Branches:
Dungeon (4/15)
 Temple: D:4-7

Altars:
Elyvilon
Okawaru

Shops:
D:2 !


Message History

You barely miss the giant cockroach.
The giant cockroach is severely wounded.
You hit the adder but do no damage. The adder bites you but does no damage.
The giant cockroach bites you but does no damage.
You hit the giant cockroach.
You kill the giant cockroach!
Beogh accepts your kill.
You slash the adder! You block the adder's attack.
The adder bites you but does no damage.
You barely miss the adder.
The adder is almost dead.
The adder bites you but does no damage.
You slash the adder!
You kill the adder!
Beogh accepts your kill.
No target in view!
No target in view!
No target in view!
No target in view!
No target in view!
No target in view!
No target in view!
No target in view!
e - 45 stones (gained 5)
You see here a +0 short sword.
You now have 271 gold pieces (gained 9).
You see here a giant cockroach corpse.
An ogre comes into view. It is wielding a +0 giant club.
The ogre shouts!
You hear a shout!
An ogre is nearby!
An ogre is nearby!
An ogre is nearby!
An ogre is nearby!
The ogre hits you with a +0 giant club!!
You slash the ogre!
The ogre is moderately wounded.
An orc comes into view. It is wielding a +0 whip.
The ogre hits you with a +0 giant club!!
Ouch! That really hurt!
You die...

# o.# #...
#..## #...##
#O@###
###..##
##..###
###..####..
##........
###....#.##.
#.....## .#
##....##
##.....##


You could see an ogre and an orc (wandering).

Vanquished Creatures
  Crazy Yiuf (D:2)
  Jessica (D:2)
  Ijyb (D:3)
  4 adders
  A dart slug (D:2)
  8 ball pythons
  3 bats
  6 endoplasms
  2 giant cockroaches
  3 goblins
  6 hobgoblins
  6 jackals (D:2)
  6 kobolds
  A quokka (D:3)
  3 frilled lizards
  A rat (D:1)
53 creatures vanquished.

Notes
Turn   | Place    | Note
-------+----------+-------------------------------------------
     0 | D:1      | sircluck the Hill Orc Fighter began the quest for the Orb.
     0 | D:1      | Reached XP level 1. HP: 19/19 MP: 1/1
   157 | D:1      | Reached XP level 2. HP: 21/27 MP: 2/2
   288 | D:1      | Reached skill level 3 in Axes
   402 | D:1      | Found a faded altar of an unknown god.
   835 | D:2      | Found Isuhu's Distillery.
   897 | D:2      | Reached XP level 3. HP: 30/33 MP: 3/3
  1068 | D:2      | Found a runed translucent door.
  1069 | D:2      | Noticed Crazy Yiuf
  1171 | D:2      | Became a worshipper of Beogh the Brigand
  1323 | D:2      | Reached XP level 4. HP: 8/40 MP: 4/4
  1357 | D:2      | Noticed Jessica
  1363 | D:2      | Killed Jessica
  1364 | D:2      | Reached skill level 4 in Axes
  1714 | D:2      | Killed Crazy Yiuf
  1715 | D:2      | Reached XP level 5. HP: 27/47 MP: 5/5
  1834 | D:3      | Reached skill level 5 in Axes
  1967 | D:3      | Noticed Ijyb
  1973 | D:3      | Killed Ijyb
  2014 | D:3      | Found an iron altar of Okawaru.
  2066 | D:3      | Found a white marble altar of Elyvilon.
  2783 | D:4      | Noticed an ogre
  2787 | D:4      | Slain by an ogre

Illustrated notes

Levels and vault maps discovered:
D:1:      amcnicky_arrival_underground_garden, layout_loops_cross,
          nicolae_ecumenical_lake_church, minmay_tetromino_o4
D:2:      layout_rooms, serial_shops, shop, chequers_serial_rivers_micro_d,
          kennysheep_generic_room_16, uniq_crazy_yiuf_cottage, uniq_jessica
D:3:      layout_loops_cross, amcnicky_altar_gilded,
          mainiacjoe_overflow_small_starburst, chequers_jeans, uniq_ijyb
D:4:      layout_cave_pods, nzn_hepliaklqana_mist_gate, gammafunk_ghost_cemetery

Skill      XL: |  1  2  3  4  5 |
---------------+----------------+-----
Fighting       | 4 |  4.6
Axes           | 3 4 5 |  5.2
Armour         | 4 |  4.2
Dodging        | |  0.5
Stealth        | |  0.1
Shields        | |  3.6

Action                     |  1- 3 |  4- 6 || total
---------------------------+-------+-------++-------
  Melee: War axe           |    86 |    52 ||   138
 Invoke: Convert to Beogh  |     1 |       ||     1
 Armour: Scale mail        |    55 |    21 ||    76
  Dodge: Dodged            |    67 |    20 ||    87
  Block: Buckler           |    33 |    16 ||    49

Table legend: (Time is in decaauts)
 A = Elapsed time spent in this place.
 B = Non-inter-level travel time spent in this place.
 C = Inter-level travel time spent in this place.
 D = Time resting spent in this place.
 E = Time spent auto-exploring this place.
 F = Levels seen in this place.
 G = Mean time per level.
                   A        B        C        D        E       F      G
               +--------+--------+--------+--------+--------+-----+--------+
         Total |   2841 |   2369 |    472 |      0 |   1963 |   4 |  710.2 |
       Dungeon |   2841 |   2369 |    472 |      0 |   1963 |   4 |  710.2 |
               +--------+--------+--------+--------+--------+-----+--------+

Top non-repeatable levels by time:
     D:2: 968 daAuts
     D:3: 906 daAuts
     D:1: 901 daAuts
     D:4: 64 daAuts
